 Dungeon Crawl Stone Soup version 0.22-a0-799-g88f5e907b7 (webtiles) character file.

133 Bergy the Skirmisher (level 4, -1/39 HPs)
             Began as a Centaur Fighter on July 21, 2018.
             Slain by a kobold (3 damage)
             ... on level 3 of the Dungeon.
             The game lasted 00:10:05 (2363 turns).

Bergy the Skirmisher (Centaur Fighter)              Turns: 2363, Time: 00:10:05

Health: -1/39      AC: 10    Str: 20    XL:     4   Next: 93%
Magic:  4/4        EV:  1    Int:  7    God:
Gold:   77         SH:  8    Dex:  8    Spells: 3/3 levels left

rFire    . . .     SeeInvis .   a - +0 trident
rCold    . . .     Gourm    .   c - +0 shield
rNeg     . . .     Faith    .   e - +0 plate armour
rPois    .         Spirit   .   (no helmet)
rElec    .         Reflect  .   (no cloak)
rCorr    .         Harm     .   n - +0 pair of gloves
MR       .....                  (no barding)
Stlth    ..........             (no amulet)
HPRegen  0.13/turn              (no ring)
MPRegen  0.09/turn              (no ring)

@: very quick
A: large, hooves 3, deformed body, speed 2, tough skin 3
a: no special abilities


You were on level 3 of the Dungeon.
You were not hungry.

You visited 1 branch of the dungeon, and saw 3 of its levels.

You collected 77 gold pieces.

Inventory:

Hand Weapons
 a - a +0 trident (weapon)
 q - a +0 hunting sling
 u - a cursed -3 blowgun
Missiles
 r - 70 stones (quivered)
 v - 3 poisoned needles
Armour
 c - a +0 shield (worn)
 e - a +0 plate armour (worn)
 h - a +2 cloak
 n - a +0 pair of gloves (worn)
Jewellery
 l - an uncursed ring of poison resistance {unknown}
 p - an uncursed ring of protection from fire {unknown}
Scrolls
 g - a scroll of immolation {unknown}
 i - a scroll of remove curse {unknown}
 m - a scroll of identify {unknown}
 s - a scroll of teleportation {unknown}
 t - a scroll of blinking {unknown}
Potions
 b - a potion of mutation {unknown}
 d - 2 potions of might
 k - 2 potions of curing {unknown}
 o - 2 potions of agility {unknown}
Comestibles
 f - 6 rations
 j - 5 chunks of flesh


   Skills:
 + Level 3.6 Fighting
 + Level 2.3 Polearms
 * Level 3.5 Armour
 - Level 0.1 Dodging
 + Level 2.4 Shields


You had 3 spell levels left.
You didn't know any spells.
Your spell library was empty.

Dungeon Overview and Level Annotations

Branches:
Dungeon (3/15)

Altars:
Trog
Yredelemnul

Annotations:
D:3 Grinder


Innate Abilities, Weirdness & Mutations

You have hooves in place of feet.
Armour fits poorly on your strangely shaped body.
You cover ground very quickly.
You have extremely tough skin. (AC +3)


Message History

The kobold completely misses you. You block the orc's attack.
The orc hits you but does no damage.
You miss something. The bat hits you but does no damage.
You hear some strange, mumbled words.
A magic dart appears from out of thin air!
The magic dart hits you!
* * * LOW HITPOINT WARNING * * *
The orc hits you but does no damage. The kobold hits you but does no damage.
You block the orc's attack. x2; Something hits you but does no damage.
Grinder hits you but does no damage.
The orc hits you from afar with a trident.
* * * LOW HITPOINT WARNING * * *
The kobold hits you.
* * * LOW HITPOINT WARNING * * *
You miss something. The bat hits you but does no damage.
The orc hits you but does no damage. The bat hits you but does no damage.
Something hits you but does no damage.
Grinder says, "What is the universe for?"
Grinder blinks!
You block the orc's attack. The kobold hits you.
You die...

#.. #.#.# . ##.. .##
#.#.# .#####.###...
...#.#.###.#...........
.##.#.#.........#.###...
.......................
.##.#..............#...#
......oK§..........+....
#..go@b.#........#..#.
.....o#{................
..... #.#.#..#####.#....
......#..>......<.......
..5..........._....####.
#.#.#.####.#.#####.# #.
. #.####.#.# #...## #. #
#......###....# .
#..†..........#


You could see Grinder, 3 orcs, a hobgoblin, a bat and a kobold.

Vanquished Creatures
  Terence (D:3)
  4 adders
  6 worms
  2 leopard geckos
  2 giant cockroaches
  6 goblins
  7 hobgoblins
  4 jackals
  7 kobolds
  6 bats
  A frilled lizard (D:1)
  9 rats
55 creatures vanquished.

Notes
Turn   | Place    | Note
-------+----------+-------------------------------------------
     0 | D:1      | Bergy the Centaur Fighter began the quest for the Orb.
     0 | D:1      | Reached XP level 1. HP: 19/19 MP: 1/1
   304 | D:1      | Reached XP level 2. HP: 26/26 MP: 2/2
  1046 | D:2      | Reached XP level 3. HP: 30/31 MP: 3/3
  1406 | D:2      | Found a bloodstained altar of Trog.
  1599 | D:2      | Reached XP level 4. HP: 23/38 MP: 4/4
  2144 | D:3      | Noticed Terence
  2162 | D:3      | Killed Terence
  2238 | D:3      | Found a basalt altar of Yredelemnul.
  2354 | D:3      | Noticed Grinder
  2363 | D:3      | Slain by a kobold

Vault maps used:
D:1:      nzn_arrival_settlement, st_stairs_6
D:2:      bloody_trog, first_ration
D:3:      overflow_temple_1_default, uniq_terence, uniq_grinder, uniq_robin

Skill      XL: |  1  2  3 |
---------------+----------+-----
Polearms       | 2 |  2.3
Armour         | 3 |  3.5
Fighting       | |  3.6
Dodging        | |  0.1
Shields        | |  2.4

Action                   |  1- 3 |  4- 6 || total
-------------------------+-------+-------++-------
Melee: Trident           |   163 |    86 ||   249
       Kick              |    29 |    18 ||    47
  Eat: Chunk             |     1 |     3 ||     4
Armor: Plate armour      |   131 |   109 ||   240
Dodge: Dodged            |    12 |    10 ||    22
Block: Shield            |    65 |    65 ||   130

Table legend:
 A = Spawn XP
 B = Non-spawn XP
 C = Spawn XP percentage of total XP
 D = Spawn monster count
 E = Non-spawn monster count
 F = Spawn count percentage of total count
 G = Total turns spent on level
                    A         B        C        D         E        F      G
               +---------+---------+-------+---------+---------+-------+---------
         Total |       0 |     190 |   0.0 |       0 |      55 |   0.0 |  2363
               +---------+---------+-------+---------+---------+-------+---------
           D:1 |       0 |      29 |   0.0 |       0 |      19 |   0.0 |   905
           D:2 |       0 |      93 |   0.0 |       0 |      25 |   0.0 |  1112
           D:3 |       0 |      68 |   0.0 |       0 |      11 |   0.0 |   346
               +---------+---------+-------+---------+---------+-------+---------
